 Dungeon Crawl Stone Soup version 0.20.0-14-g326068f (webtiles) character file.

413 CODWOMAN the Slasher (level 6, 0/48 HPs)
             Began as a Demonspawn Berserker on June 8, 2017.
             Was a Priest of Trog.
             Slain by an orc
             ... wielding a +0 mace
              (4 damage)
             ... on level 4 of the Dungeon.
             The game lasted 00:18:29 (3457 turns).

CODWOMAN the Slasher (Demonspawn Berserker)         Turns: 3457, Time: 00:18:29

Health: 0/48       AC:  5    Str: 18    XL:     6   Next: 59%
Magic:  6/6        EV:  9    Int:  8    God:    Trog [***...]
Gold:   73         SH:  8    Dex: 18    Spells: 5/5 levels left

rFire    . . .     SeeInvis .   C - +0 long sword
rCold    . . .     Gourm    .   D - +0 shield
rNeg     . . .     Faith    .   G - +0 ring mail
rPois    .         Spirit   .   (no helmet)
rElec    .         Reflect  .   (no cloak)
rCorr    .         Harm     .   (no gloves)
MR       .....                  (no boots)
Stlth    +++.......             (no amulet)
Regen    0.2/turn               (no ring)
MPRegen  0.1/turn               (no ring)

@: no status effects
A: thin skeletal structure 2, nightstalker 1
a: Berserk, Trog's Hand, Burn Spellbooks, Renounce Religion


You were on level 4 of the Dungeon.
You worshipped Trog.
Trog was most pleased with you.
You were not hungry.

You visited 1 branch of the dungeon, and saw 4 of its levels.

You collected 73 gold pieces.

Inventory:

Hand Weapons
 a - a +0 falchion
 e - a +0 spear
 n - a +0 hunting sling
 t - a +0 dagger of draining
 u - a +4 dagger
 y - a +0 club
 A - a +0 flail
 C - a +0 long sword (weapon)
Missiles
 d - 99 stones (quivered)
 g - 5 tomahawks
 w - 13 arrows
 E - 25 sling bullets
Armour
 b - a +0 animal skin
 h - a +0 robe
 m - a +0 chain mail
 r - a +0 cloak
 s - a +0 pair of boots
 x - a +0 plate armour
 z - a +0 scale mail
 D - a +0 shield (worn)
 G - a +0 ring mail (worn)
Scrolls
 i - 2 scrolls of enchant armour {unknown}
 k - 2 scrolls of blinking {unknown}
 o - 2 scrolls of remove curse
 p - a scroll of teleportation {unknown}
 v - a scroll of enchant weapon {unknown}
 B - a scroll of identify
Potions
 l - a potion of brilliance
 q - a potion of degeneration
Comestibles
 c - 3 bread rations
 j - a meat ration
 F - a royal jelly


   Skills:
 + Level 4.2 Fighting
 + Level 5.1 Long Blades
 + Level 2.8 Armour
 + Level 2.5 Dodging
 + Level 0.8 Stealth
 + Level 1.1 Shields


You had 5 spell levels left.
You didn't know any spells.

Dungeon Overview and Level Annotations

Branches:
Dungeon (4/15)
 Temple: D:4-7

Altars:
Fedhas
Kikubaaqudgha
Uskayaw


Innate Abilities, Weirdness & Mutations

You have a moderately thin skeletal structure. (Dex +4, Stealth+)
You are slightly more attuned to the shadows.


Message History

You block the orc's attack.
You hit the orc.
The orc is lightly wounded.
You hit the orc but do no damage.
The orc is lightly wounded.
The orc hits you with a mace.
* * * LOW HITPOINT WARNING * * *
You closely miss the orc.
The orc is lightly wounded.
The orc closely misses you.
You barely miss the orc.
The orc is lightly wounded.
You block the orc's attack.
You hit the orc but do no damage.
The orc is lightly wounded.
The orc closely misses you.
You closely miss the orc.
The orc is lightly wounded.
The orc hits you with a mace.
You die...

#.# #.# #.# .....8 #.#
.....# #.# 8...8#
########.# ##>##
#........#######
#...##.....†..#
#....#.^...@..# .
####....#.....o..# ..
#.......#........#####.#
##....<...............
........#........##.##
.#.......#..).........##
#.......#####.#..._...#
#.......#####.........##
##..............#####..#
###


You could see an orc.

Vanquished Creatures
  The ghost of Nicoed the Digger, an amateur OpEE (D:3)
  A hound (D:3)
  An orc priest (D:3)
  3 orc wizards
  2 worker ants (D:4)
  An adder (D:3)
  An ooze (D:1)
  3 worms (D:3)
  A dart slug (D:3)
  2 leopard geckos
  9 orcs
  5 bats
  4 giant cockroaches
  4 goblins
  7 hobgoblins
  5 jackals
  2 quokkas
  7 frilled lizards
  10 kobolds
  5 rats
74 creatures vanquished.

Notes
Turn   | Place    | Note
-------+----------+-------------------------------------------
     0 | D:1      | CODWOMAN the Demonspawn Berserker began the quest for the Orb.
     0 | D:1      | Reached XP level 1. HP: 18/18 MP: 1/1
   135 | D:1      | Reached skill level 3 in Long Blades
   159 | D:1      | Gained mutation: You have a somewhat thin skeletal structure. (Dex +2, Stealth) [demonic ancestry]
   159 | D:1      | Reached XP level 2. HP: 11/24 MP: 2/2
   954 | D:2      | Found a blossoming altar of Fedhas.
  1052 | D:2      | Reached XP level 3. HP: 26/29 MP: 3/3
  1174 | D:2      | Reached ** piety under Trog
  1993 | D:3      | Gained mutation: You are slightly more attuned to the shadows. [demonic ancestry]
  1993 | D:3      | Reached XP level 4. HP: 26/35 MP: 4/4
  2023 | D:3      | Reached skill level 4 in Long Blades
  2150 | D:3      | Found an ancient bone altar of Kikubaaqudgha.
  2223 | D:3      | Gained mutation: You have a moderately thin skeletal structure. (Dex +4, Stealth+) [demonic ancestry]
  2223 | D:3      | Reached XP level 5. HP: 42/42 MP: 5/5
  2545 | D:3      | Noticed Nicoed's ghost (amateur OpEE)
  2566 | D:3      | Killed Nicoed's ghost
  2566 | D:3      | Reached XP level 6. HP: 35/48 MP: 6/6
  2725 | D:3      | Reached skill level 5 in Long Blades
  2982 | D:3      | Reached *** piety under Trog
  3286 | D:4      | Noticed a dagger
  3288 | D:4      | Noticed a dagger
  3301 | D:4      | Found a hide-covered altar of Uskayaw.
  3379 | D:4      | Reached skill level 1 in Shields
  3457 | D:4      | Slain by an orc

Skill      XL: |  1  2  3  4  5  6 |
---------------+-------------------+-----
Long Blades    | 3 4 5 |  5.1
Armour         | 2 |  2.8
Dodging        | 2 |  2.5
Fighting       | 4 |  4.2
Shields        | 1 |  1.1
Stealth        | |  0.8

Action                   |  1- 3 |  4- 6 || total
-------------------------+-------+-------++-------
Melee: Falchion          |   118 |    64 ||   182
       Long sword        |       |   107 ||   107
Invok: Berserk           |       |     2 ||     2
  Use: Scroll            |       |     2 ||     2
       Potion            |       |     2 ||     2
 Stab: Sleeping          |     1 |       ||     1
  Eat: Chunk             |     3 |     5 ||     8
       Meat ration       |       |     1 ||     1
Armor: Animal skin       |    18 |       ||    18
       Chain mail        |    61 |    74 ||   135
       Skin              |       |    38 ||    38
       Ring mail         |       |    16 ||    16
Dodge: Dodged            |    81 |   105 ||   186
Block: Shield            |       |    89 ||    89
       Rpst.: Falchion   |    26 |    20 ||    46
       Long sword        |       |    16 ||    16
